 Dungeon Crawl Stone Soup version 0.27.1-33-g824d729ab1 (webtiles) character file.

Game seed: 15751983837399467355

68 zeram the Grave Robber (level 4, -6/39 HPs)
             Began as a Troll Necromancer on Nov 28, 2021.
             Mangled by Sigmund (10 damage)
             ... on level 2 of the Dungeon.
             The game lasted 00:01:29 (827 turns).

zeram the Grave Robber (Troll Necromancer)           Turns: 827, Time: 00:01:30

Health: -6/39      AC:  4    Str: 16    XL:     4   Next: 1%
Magic:  5/5        EV: 10    Int: 12    God:
Gold:   113        SH:  5    Dex: 10    Spells: 4/5 levels left

rFire    . . .     SeeInvis .     - Unarmed
rCold    . . .     Faith    .   (no shield)
rNeg     . . .     Spirit   .   a - +0 robe
rPois    .         Reflect  +   (helmet restricted)
rElec    .         Harm     .   (no cloak)
rCorr    .         Rampage  .   (gloves unavailable)
Will     .....                  (boots unavailable)
Stlth    +.........             c - amulet of reflection
HPRegen  1.13/turn              (no ring)
MPRegen  0.09/turn              (no ring)

@: flying
A: large, unfitting armour, claws 3, regeneration 1, shaggy fur 1, tough skin 1
a: no special abilities


You were on level 2 of the Dungeon.
You visited 1 branch of the dungeon, and saw 2 of its levels.

You collected 113 gold pieces.

Inventory:

Missiles
 e - 2 throwing nets
Armour
 a - a +0 robe (worn)
Jewellery
 c - an amulet of reflection (around neck)
Potions
 b - a potion of flight


   Skills:
 + Level 1.8 Dodging
 - Level 1.1 Stealth
 - Level 0.3 Shields
 - Level 1.2 Unarmed Combat
 - Level 1.4 Spellcasting
 + Level 4.0 Necromancy


You had 4 spell levels left.
You knew the following spells:

 Your Spells              Type           Power      Damage    Failure   Level
a - Pain                  Necr           40%        1d6       5%          1

Your spell library contained the following spells:

 Spells                   Type           Power      Damage    Failure   Level
 Animate Skeleton         Necr           20%        N/A       5%          1
 Vampiric Draining        Necr           5%         2d6       16%         3
 Animate Dead             Necr           5%         N/A       47%         4
 Agony                    Necr           10%        N/A       83%         5


Dungeon Overview and Level Annotations

Branches:
Dungeon (2/15)

Altars:

Annotations:
D:2 Sigmund


Innate Abilities, Weirdness & Mutations

You are too large for most types of armour.
You have claws for hands.
Your natural rate of healing is unusually fast.
You are covered in fur. (AC +1)
You have tough skin. (AC +1)


Message History

Casting: Pain (safe; 5% risk of failure)
Confirm with . or Enter, or press ? or * to list all spells.
Aiming: Pain (safe; 5% risk of failure)
Press: ? - help, Shift-Dir - straight line, f/p - Sigmund
Aim: Sigmund, wielding a +0 scythe and wearing a +0 robe (lightly wounded, chance to affect: 71%) Sigmund writhes in agony.
Sigmund hits you from afar with a +0 scythe!
Casting: Pain (safe; 5% risk of failure)
Confirm with . or Enter, or press ? or * to list all spells.
Aiming: Pain (safe; 5% risk of failure)
Press: ? - help, Shift-Dir - straight line, f/p - Sigmund
Aim: Sigmund, wielding a +0 scythe and wearing a +0 robe (moderately wounded, chance to affect: 71%) Sigmund writhes in agony.
Sigmund barely misses you.
You closely miss Sigmund.
Sigmund is heavily wounded.
Sigmund hits you with a +0 scythe!
You are too injured to fight recklessly!
You scratch Sigmund.
Sigmund is heavily wounded.
You closely miss Sigmund.
Sigmund is heavily wounded.
Sigmund hits you with a +0 scythe!
* * * LOW HITPOINT WARNING * * *
It was a potion of flight.
You feel very buoyant.
You fly up into the air.
Sigmund mumbles some strange words.
Sigmund flickers and vanishes!
Deactivating autopickup; reactivate with Ctrl-A.
It was a potion of magic.
Magic courses through your body. Something hits you!
* * * LOW HITPOINT WARNING * * *
Casting: Pain (safe; 5% risk of failure)
Confirm with . or Enter, or press ? or * to list all spells.
You can't see any susceptible monsters within range! (Use Z to cast anyway.) Unknown command.
As you read the scroll labelled TOLUUCS IBANEI, it crumbles to dust.
The scroll dissolves into smoke.
It was a scroll of fog.
Something hits you!
You die...

#.###^..#.#....#
#. ##..##......# .
#...# #.....# . #
##.#.# #.. ..
####....# #.# .#
#.....### #.# ..
#.###.# #.# .# #
#.# ##§####§.# #.#
###..§@§{§# ##.#
#...#§#####
###..###...§§....#
#....##..........S
#....##..........#
#.......##########
#....#### #....#
#....#


There were no monsters in sight!

Vanquished Creatures
  Terence (D:2)
  A gnoll (D:1)
  An adder (D:2)
  A worm (D:2)
  3 bats
  3 endoplasms (D:1)
  A giant cockroach (D:2)
  2 goblins (D:1)
  A hobgoblin (D:1)
  A quokka (D:2)
  2 ball pythons
  2 frilled lizards
  2 kobolds
  2 rats (D:1)
23 creatures vanquished.

Notes
Turn   | Place    | Note
-------+----------+-------------------------------------------
     0 | D:1      | zeram the Troll Necromancer began the quest for the Orb.
     0 | D:1      | Reached XP level 1. HP: 16/16 MP: 1/1
   246 | D:1      | Reached XP level 2. HP: 24/24 MP: 2/2
   475 | D:1      | Found a faded altar of an unknown god.
   603 | D:2      | Reached XP level 3. HP: 31/31 MP: 4/4
   619 | D:2      | Reached skill level 4 in Necromancy
   674 | D:2      | Noticed Terence
   683 | D:2      | Killed Terence
   684 | D:2      | Reached skill level 1 in Unarmed Combat
   714 | D:2      | Reached XP level 4. HP: 36/39 MP: 2/5
   813 | D:2      | Noticed Sigmund
   827 | D:2      | Mangled by Sigmund

Illustrated notes

Levels and vault maps discovered:
D:1:      giann_bridges, layout_loops_ring, dreamdust_ecumenical_altar_grove,
          st_stairs_12, roderic_three_in_a_row, minmay_indecisive_spiral
D:2:      layout_rooms, uniq_terence, uniq_sigmund

Skill      XL: |  1  2  3 |
---------------+----------+-----
Necromancy     | 4 |  4.0
Unarmed Combat | 1 |  1.2
Dodging        | |  1.8
Stealth        | |  1.1
Shields        | |  0.3
Spellcasting   | |  1.4

Action                   |  1- 3 |  4- 6 || total
-------------------------+-------+-------++-------
Melee: Unarmed           |    69 |     3 ||    72
 Cast: Pain              |     7 |     5 ||    12
  Use: Potion            |       |     2 ||     2
       Scroll            |       |     1 ||     1
 Stab: Sleeping          |     2 |       ||     2
Armor: Robe              |    15 |     1 ||    16
Dodge: Dodged            |    32 |     2 ||    34
Block: Other             |    16 |       ||    16
